 Dungeon Sprint DCSS version 0.17-a0-1655-g88a8506 (webtiles) character file.

7984 Kidiri the Blocker (level 11, -4/102 HPs)
             Began as a Green Draconian Fighter on Aug 15, 2015.
             Was a High Priest of Okawaru.
             Slain by an elephant (11 damage)
             ... in the Dungeon (Sprint IX: "|||||||||||||||||||||||||||||").
             The game lasted 00:05:12 (1236 turns).

Kidiri the Blocker (Green Draconian Fighter)        Turns: 1236, Time: 00:05:12

Health: -4/102     AC: 10    Str: 25    XL:     11   Next: 3%
Magic:  12/18      EV: 21    Int:  8    God:    Okawaru [*****.]
Gold:   0          SH: 15    Dex: 11    Spells: 0 memorised, 10 levels left

rFire  . . .     SeeInvis .     p - +2 morningstar (crush)
rCold  . . .     Clarity  .     (armour unavailable)
rNeg   . . .     SustAt   .     b - +0 shield
rPois  +         Gourm    .     (helmet restricted)
rElec  .         Spirit   .     q - +0 cloak
rCorr  .         Warding  .     (no gloves)
rMut   .         NoTele   +     (no boots)
MR     .....                    (no amulet)
Stlth  ++........               s - +3 ring of strength
                                r - +2 ring of protection

@: heroism, finesse, not resistant to hostile enchantments, unstealthy
A: breathe noxious fumes, unfitting armour, poison resistance, cold-blooded, AC
+7
a: Breathe Noxious Fumes, Heroism, Finesse, Renounce Religion


You were in the Dungeon.
You worshipped Okawaru.
Okawaru was extremely pleased with you.
You were hungry.

You visited 1 branch

Inventory:

Hand weapons
 p - a +2 morningstar of crushing (weapon)
Armour
 b - a +0 shield (worn)
 q - a +0 cloak (worn)
Jewellery
 r - a +2 ring of protection (left hand)
 s - a +3 ring of strength (right hand)
Magical devices
 o - a wand of cold (7)
Scrolls
 j - 3 scrolls of blinking
 m - 4 scrolls of remove curse
 n - 2 scrolls of amnesia
 u - a scroll of fear
 v - a scroll of recharging
 w - a scroll of fog
Potions
 a - a potion of agility
 c - a potion of might
 e - 6 potions of curing
 f - a potion of invisibility
 g - a potion of haste
 h - 4 potions of magic
 i - a potion of berserk rage
 l - a potion of heal wounds
 t - 2 potions of brilliance
Comestibles
 d - 2 bread rations


   Skills:
 + Level 11.0(16.0) Fighting
 * Level 13.5(18.5) Maces & Flails
 * Level 12.6(17.6) Dodging
 * Level 13.7(18.7) Shields
 + Level 10.0 Invocations


You had 10 spell levels left.
You didn't know any spells.

Dungeon Overview and Level Annotations

Branches:
Dungeon (1/1)

Altars:
Cheibriados
Dithmenos
Elyvilon
Fedhas
Gozag
Kikubaaqudgha
Makhleb
Nemelex Xobeh
Okawaru
Qazlal
Ru
Sif Muna
Trog
Vehumet
Xom
Yredelemnul
Zin
The Shining One
Beogh
Jiyva
Lugonu


Innate Abilities, Weirdness & Mutations

You can breathe blasts of noxious fumes.
Your lurid green scales are hard (AC +7).
Your body does not fit into most forms of armour.
Your system is resistant to poisons.
You are cold-blooded and may be slowed by cold attacks.


Message History

The elephant is heavily wounded.
You hit the elephant but do no damage.
You tail-slap the elephant, but do no damage.
The elephant is heavily wounded.
You block the elephant's attack. x2
You puncture the elephant!
The elephant is severely wounded.
You hit the elephant. You tail-slap the elephant.
The elephant is almost dead.
The elephant tramples you.
* * * LOW HITPOINT WARNING * * *
You stumble backwards!
You impale the elephant!!
You kill the elephant!
Okawaru accepts your kill.
Your base Fighting skill increases to level 11!
Your Invocations skill increases to level 10!
You have reached level 11!
The elephant tramples you!
You die...

▓_▓.▓.▓
▓_▓.▓.▓
▓_▓.▓'▓
▓_▓.▓.▓
▓_▓.▓.▓
▓_▓.▓.▓
▓_▓.▓.▓
▓_▓.▓.▓
▓_▓.▓@▓
▓_▓.▓Y▓
▓'▓.▓.▓
▓.▓.▓.▓
▓.▓.▓'▓
▓|▓.▓.▓
▓)▓.▓.▓
▓.▓.▓.▓
▓[▓.▓.▓


You could see an elephant.

Vanquished Creatures
  A dire elephant (D)
  A hydra (D)
  A centaur warrior (D)
  A hill giant (D)
  3 spiny frogs (D)
  8 elephants (D)
  A two-headed ogre (D)
  A hippogriff (D)
  A steam dragon (D)
  3 water moccasins (D)
  3 porcupines (D)
  A black bear (D)
  A centaur (D)
  A crocodile (D)
  3 giant frogs (D)
  A big kobold (D)
  A crimson imp (D)
  A gnoll shaman (D)
  3 hounds (D)
  A river rat (D)
  2 orcs (D)
  A bat skeleton (D)
  A giant cockroach (D)
  2 goblins (D)
  A kobold (D)
  A quokka (D)
  A rat (D)
46 creatures vanquished.

Vanquished Creatures (others)
  A shadow (D)
1 creature vanquished.

Grand Total: 47 creatures vanquished

Notes
Turn   | Place    | Note
--------------------------------------------------------------
     0 | D        | Kidiri the Draconian Fighter began the quest for the Orb.
     0 | D        | Reached XP level 1. HP: 19/19 MP: 1/1
    35 | D        | Noticed a gnoll shaman
    35 | D        | Noticed a hound
    35 | D        | Noticed a hound
    36 | D        | Reached XP level 2. HP: 25/27 MP: 2/2
    46 | D        | Killed a gnoll shaman
    46 | D        | Reached skill level 4 in Fighting
    46 | D        | Reached XP level 3. HP: 17/33 MP: 3/3
    55 | D        | Killed a hound
    55 | D        | Reached skill level 5 in Shields
    62 | D        | Killed a hound
    62 | D        | Reached skill level 5 in Fighting
    62 | D        | Reached skill level 5 in Maces & Flails
    62 | D        | Reached skill level 5 in Dodging
    62 | D        | Reached XP level 4. HP: 30/42 MP: 4/4
   152 | D        | Found a glowing silver altar of Zin.
   152 | D        | Found a glowing golden altar of the Shining One.
   152 | D        | Found an ancient bone altar of Kikubaaqudgha.
   152 | D        | Found a basalt altar of Yredelemnul.
   152 | D        | Found a shimmering altar of Xom.
   152 | D        | Found a radiant altar of Vehumet.
   153 | D        | Found an iron altar of Okawaru.
   154 | D        | Found a burning altar of Makhleb.
   155 | D        | Found a deep blue altar of Sif Muna.
   156 | D        | Found a bloodstained altar of Trog.
   157 | D        | Found a sparkling altar of Nemelex Xobeh.
   158 | D        | Found a white marble altar of Elyvilon.
   159 | D        | Found a roughly hewn altar of Beogh.
   160 | D        | Found a viscous altar of Jiyva.
   161 | D        | Became a worshipper of Warmaster Okawaru
   162 | D        | Found a corrupted altar of Lugonu.
   163 | D        | Found a blossoming altar of Fedhas.
   164 | D        | Found a snail-covered altar of Cheibriados.
   165 | D        | Found a shadowy altar of Dithmenos.
   166 | D        | Found a stormy altar of Qazlal.
   167 | D        | Found an opulent altar of Gozag.
   168 | D        | Found a sacrificial altar of Ru.
   203 | D        | Noticed a big kobold
   203 | D        | Noticed a two-headed ogre
   203 | D        | Noticed a giant frog
   203 | D        | Noticed a hound
   208 | D        | Killed a big kobold
   208 | D        | Reached skill level 6 in Shields
   208 | D        | Reached skill level 1 in Invocations
   208 | D        | Reached XP level 5. HP: 42/48 MP: 4/6
   213 | D        | Killed a two-headed ogre
   213 | D        | Acquired Okawaru's first power
   213 | D        | Reached skill level 7 in Maces & Flails
   213 | D        | Reached XP level 6. HP: 23/58 MP: 4/8
   222 | D        | Killed a giant frog
   224 | D        | Reached skill level 8 in Shields
   225 | D        | Killed a hound
   358 | D        | Noticed a hill giant
   358 | D        | Noticed a shadow
   358 | D        | Noticed a crimson imp
   358 | D        | Noticed a centaur
   358 | D        | Noticed a steam dragon
   358 | D        | Noticed a centaur warrior
   361 | D        | Killed a hill giant
   361 | D        | Reached skill level 9 in Maces & Flails
   361 | D        | Reached skill level 5 in Invocations
   361 | D        | Your scales start taking on a lurid green colour.
   361 | D        | Gained mutation: Your system is resistant to poisons. [Green Draconian growth]
   361 | D        | Reached XP level 7. HP: 63/66 MP: 7/11
   367 | D        | Killed a shadow
   367 | D        | Reached XP level 8. HP: 70/74 MP: 8/12
   376 | D        | Killed a centaur warrior
   376 | D        | Reached skill level 10 in Maces & Flails
   376 | D        | Reached skill level 10 in Shields
   378 | D        | Killed a crimson imp
   380 | D        | Killed a centaur
   381 | D        | Killed a steam dragon
   581 | D        | Noticed a water moccasin
   581 | D        | Noticed a porcupine
   581 | D        | Noticed a water moccasin
   581 | D        | Noticed a hippogriff
   581 | D        | Noticed a giant frog
   582 | D        | Noticed a crocodile
   584 | D        | Noticed a spiny frog
   585 | D        | Killed a water moccasin
   585 | D        | Reached skill level 10 in Dodging
   585 | D        | Reached XP level 9. HP: 82/82 MP: 11/14
   587 | D        | Noticed a water moccasin
   587 | D        | Killed a porcupine
   591 | D        | Killed a water moccasin
   591 | D        | Reached skill level 11 in Shields
   595 | D        | Killed a hippogriff
   600 | D        | Killed a giant frog
   604 | D        | Killed a crocodile
   606 | D        | Killed a spiny frog
   611 | D        | Killed a water moccasin
   823 | D        | Noticed a black bear
   823 | D        | Noticed a giant frog
   823 | D        | Noticed a spiny frog
   823 | D        | Noticed a five-headed hydra
   823 | D        | Noticed a spiny frog
   823 | D        | Noticed an elephant
   824 | D        | Noticed a porcupine
   826 | D        | Killed a black bear
   831 | D        | Noticed an elephant
   833 | D        | Killed a spiny frog
   841 | D        | Noticed a porcupine
   843 | D        | Killed a five-headed hydra
   843 | D        | Reached skill level 12 in Maces & Flails
   843 | D        | Reached XP level 10. HP: 31/93 MP: 14/16
   847 | D        | Killed a spiny frog
   847 | D        | Acquired Okawaru's second power
   851 | D        | Killed a giant frog
   859 | D        | Killed an elephant
   859 | D        | Reached skill level 10 in Fighting
   867 | D        | Killed a porcupine
   874 | D        | Killed an elephant
   876 | D        | Killed a porcupine
  1177 | D        | Noticed a dire elephant
  1177 | D        | Noticed an elephant
  1177 | D        | Noticed an elephant
  1177 | D        | Noticed an elephant
  1177 | D        | Noticed an elephant
  1177 | D        | Noticed an elephant
  1192 | D        | Killed a dire elephant
  1192 | D        | Reached skill level 13 in Shields
  1198 | D        | Noticed an elephant
  1199 | D        | Killed an elephant
  1199 | D        | Received a gift from Okawaru
  1205 | D        | Killed an elephant
  1207 | D        | Noticed an elephant
  1210 | D        | Killed an elephant
  1220 | D        | Killed an elephant
  1226 | D        | Killed an elephant
  1235 | D        | Killed an elephant
  1235 | D        | Reached skill level 10 in Invocations
  1235 | D        | Reached XP level 11. HP: 6/102 MP: 12/18
  1236 | D        | Slain by an elephant

Vault maps used:
D:        linesprint

Action                   |  1- 3 |  4- 6 |  7- 9 | 10-12 || total
-------------------------+-------+-------+-------+-------++-------
Melee: Flail             |    39 |       |       |       ||    39
       Morningstar       |       |    24 |    64 |    84 ||   172
Invok: Heroism           |       |     1 |     2 |     1 ||     4
       Finesse           |       |       |       |     1 ||     1
  Use: Potion            |     1 |     1 |     1 |     1 ||     4
 Stab: Sleeping          |       |       |     1 |       ||     1
  Eat: Chunk             |       |       |       |     1 ||     1
